 Dungeon Crawl Stone Soup version 0.31.0-12-g77e489cdc1 (webtiles) character file.

Game seed: 14948255585853664954

1644 jimonade the Grappler (level 8, -5/71 (79) HPs)
             Began as a Troll Shapeshifter on Mar 1, 2024.
             Was a Believer of Nemelex Xobeh.
             Slain by a wight
             ... wielding a +3 dagger of electrocution
              (12 damage)
             ... on level 8 of the Dungeon.
             The game lasted 00:10:17 (3751 turns).

jimonade the Grappler (Troll Shapeshifter)          Turns: 3751, Time: 00:10:18

HP:   -5/71 (79)    AC:  5    Str: 25    XL:     8   Next: 67%
MP:   0/10          EV:  9    Int:  6    God:    Nemelex Xobeh [**....]
Gold: 371           SH:  0    Dex:  9    Spells: 7/7 levels left

rFire   . .          .
                       - Unarmed
rCold   . . .        (no shield)
rNeg    . . .        a - +1 animal skin
rPois   +            (helmet currently unavailable)
rElec   .            (cloak currently unavailable)
rCorr   .            (gloves unavailable)
SInv    .            (boots unavailable)
Will    .....        i - amulet of guardian spirit
Stlth   +            e - ring of poison resistance
HPRegen 1.11/turn    (no ring)
MPRegen 0.12/turn

%: guardian spirit
@: beast-form, heavily drained
A: beast (slay +1), large, unfitting armour, claws 3, regeneration 1, shaggy fur
1, tough skin 1
a: Begin Untransformation, Renounce Religion, Draw Escape, Draw Destruction,
Draw Summoning


You were on level 8 of the Dungeon.
You worshipped Nemelex Xobeh.
Nemelex Xobeh was pleased with you.
You were a hulking beast.
You visited 1 branch of the dungeon, and saw 6 of its levels.
You also visited: Ossuary.

You collected 371 gold pieces.

Inventory:

Missiles
 h - 62 stones (quivered)
 l - 5 javelins
 v - 8 poisoned darts
Armour
 a - a +1 animal skin (worn)
Jewellery
 e - a ring of poison resistance (left claw)
 i - an amulet of guardian spirit (around neck)
 u - a ring of flight
Talismans
 c - a beast talisman
 d - a flux talisman
 m - a blade talisman
Scrolls
 f - 2 scrolls of identify
 o - a scroll of blinking
 r - a scroll of fog
 t - a scroll of amnesia {unknown}
 w - 3 scrolls of teleportation
 y - a scroll of brand weapon
 B - a scroll of butterflies {unknown}
Potions
 b - 2 potions of lignification
 g - 3 potions of curing {unknown}
 j - 2 potions of enlightenment {unknown}
 k - 3 potions of heal wounds {unknown}
 n - a potion of haste {unknown}
 p - a potion of resistance {unknown}
 q - a potion of brilliance {unknown}
 s - a potion of might {unknown}
 x - a potion of berserk rage {unknown}
 z - a potion of cancellation {unknown}
 A - a potion of magic {unknown}


   Skills:
 + Level 4.6 Fighting
 - Level 1.5 Dodging
 * Level 8.6 Unarmed Combat
 + Level 4.5 Invocations
 - Level 3.0 Shapeshifting


You had 7 spell levels left.
You didn't know any spells.
Your spell library contained the following spells:

 Spells                   Type           Power      Damage    Failure   Level
 Ensorcelled Hibernation  Hex/Ice        0%         N/A       58%         2
 Scorch                   Fire           0%         2d5       58%         2
 Call Canine Familiar     Summ           0%         N/A       83%         3
 Fugue of the Fallen      Necr           0%         N/A       83%         3
 Gell's Gravitas          Tloc           0%         N/A       83%         3
 Sigil of Binding         Hex            0%         N/A       83%         3
 Teleport Other           Tloc           0%         N/A       83%         3
 Anguish                  Hex/Necr       0%         N/A       99%         4
 Dimensional Bullseye     Hex/Tloc       0%         N/A       99%         4
 Flame Wave               Conj/Fire      0%         2d4       99%         4
 Dispersal                Tloc           0%         N/A       100%        6
 Summon Cactus Giant      Summ           0%         N/A       100%        6


Dungeon Overview and Level Annotations

Branches:
Dungeon (5/15) Zot: 26931 Ossuary (visited)
 Temple: D:4-7

Altars:
Hepliaklqana
Kikubaaqudgha
Nemelex Xobeh
Ru
Xom
The Shining One

Shops:
D:8 :


Innate Abilities, Weirdness & Mutations

You are a hulking beast.
Your limbs bulge with bestial killing power. (Slay +1)
You are too large for most types of armour.
You have claws for hands.
Your natural rate of healing is unusually fast.
You are covered in fur. (AC +1)
You have tough skin. (AC +1)


Message History

The shaft crumbles and collapses.
Found a ring mail.
B - a scroll labelled HELES ERGHOYVVI You see here a +0 leather armour.
You open the door.
An orc comes into view. It is wielding a +0 trident.
The orc shouts!
There is an open door here.
The orc barely misses you.
You claw the orc!
You kill the orc!
You see here a +0 trident.
You open the door.
Found a sacrificial altar of Ru.
There is an open door here.
An orc priest comes into view. It is wielding a +0 club.
Found a leather armour and a ring mail.
There is an open door here.
A water moccasin comes into view.
The water moccasin hisses angrily.
The water moccasin bites you but does no damage.
The water moccasin bites you. The water moccasin misses you.
You barely miss the water moccasin. The water moccasin bites you.
You claw the water moccasin!
The water moccasin is heavily wounded.
The water moccasin closely misses you.
You barely miss the water moccasin. You claw the water moccasin!
The water moccasin is almost dead.
The water moccasin bites you but does no damage.
You claw the water moccasin!
You kill the water moccasin!
You open the door.
There is an open door here. 2 wights come into view.
A wight is wielding a +1 falchion of freezing.
Found 10 gold pieces. 3 wights come into view.
A wight is wielding a +3 dagger of electrocution.
A wight is wielding a +4 short sword of freezing.
Found Puxkuog's Book Shop.
The wight moves out of view.
There is an open door here.
You claw the wight!
The wight is severely damaged.
The wight hits you with a +1 falchion of freezing!
You feel drained. The wight freezes you.
You barely miss the wight.
The wight is severely damaged.
The wight hits you from afar with a +0 halberd!
You feel drained.
The wight hits you with a +1 falchion of freezing.
You feel drained. The wight freezes you.
You claw the wight!
You destroy the wight!
The wight hits you from afar with a +0 halberd!
You feel drained. The wight barely misses you.
You scratch the wight but do no damage. The wight hits you with a +0 halberd.
You barely miss the wight. You scratch the wight.
The wight is lightly damaged.
You scratch the wight.
The wight is heavily damaged.
The wight hits you from afar with a +0 halberd!
The wight closely misses you.
The wight hits you from afar with a +3 spear.
The wight hits you with a +3 dagger of electrocution!
* * * LOW HITPOINT WARNING * * *
There is an open door, spattered with blood here.
You scratch the wight but do no damage. The wight hits you with a +0 halberd.
* * * LOW HITPOINT WARNING * * *
You feel drained.
* * * LOW HITPOINT WARNING * * *
The wight hits you from afar with a +3 spear.
* * * LOW HITPOINT WARNING * * *
You feel drained.
* * * LOW HITPOINT WARNING * * *
The wight hits you but does no damage.
You mangle the wight!!
You destroy the wight!
The wight hits you from afar with a +3 spear.
* * * LOW HITPOINT WARNING * * *
You feel drained.
* * * LOW HITPOINT WARNING * * *
The wight barely misses you. The wight hits you but does no damage.
Items here: )) [[.
You scratch the wight.
The wight is moderately damaged.
The wight hits you with a +3 spear.
* * * LOW HITPOINT WARNING * * *
You claw the wight! You claw the wight.
You destroy the wight!
The wight hits you with a +3 dagger of electrocution.
* * * LOW HITPOINT WARNING * * *
You feel drained.
* * * LOW HITPOINT WARNING * * *
The wight hits you but does no damage. The wight attacks as it pursues you!
The wight hits you with a +3 dagger of electrocution.
* * * LOW HITPOINT WARNING * * *
You feel drained.
You are electrocuted!
You die...
Your body disappears without a glow.

....... ..... ...##
#..# #.## #..# ##.##
#.z# ##h# #+# #z# #.#
#####'### #.#
#.......#####.## ..
#......[+......# ..#
#.............#####...
#.........#...........
#.......######.....###
########..#..#[....#


You could see 2 wights.

Vanquished Creatures
  Prince Ribbit (D:5)
  A water moccasin (D:8)
  A black bear (D:5)
  A weeping skull (Ossuary)
  A scorpion (D:5)
  2 water moccasin zombies (Ossuary)
  3 wights (D:8)
  4 centaur zombies (Ossuary)
  A bombardier beetle (D:5)
  2 bullfrog zombies (Ossuary)
  2 jellies (D:5)
  An orc priest (D:5)
  2 hounds (D:5)
  2 iguanas
  Jessica (D:3)
  An orc wizard (D:4)
  2 scorpion zombies
  2 ogre zombies (Ossuary)
  3 hound zombies (D:5)
  A hound skeleton (D:5)
  4 gnolls (D:4)
  4 adders
  An adder skeleton (D:5)
  4 adder zombies
  5 dart slugs
  2 ribbon worms
  9 orcs
  14 ball pythons
  4 endoplasms
  3 giant cockroaches
  3 gnoll zombies (Ossuary)
  13 goblins
  8 hobgoblins
  5 jackals (D:1)
  5 quokkas
  A bat (D:1)
  3 frilled lizards
  3 goblin zombies (Ossuary)
  4 hobgoblin zombies (Ossuary)
  8 kobolds
  4 orc zombies (Ossuary)
  8 rats
149 creatures vanquished.

Notes
Turn   | Place    | Note
-------+----------+-------------------------------------------
     0 | D:1      | jimonade the Troll Shapeshifter began the quest for the
                  | Orb.
     0 | D:1      | Reached XP level 1. HP: 18/18 MP: 0/0
    36 | D:1      | Reached skill level 1 in Fighting
    58 | D:1      | Reached XP level 2. HP: 27/27 MP: 1/1
   361 | D:1      | Reached XP level 3. HP: 31/33 MP: 2/2
   375 | D:1      | Reached skill level 4 in Unarmed Combat
   674 | D:2      | Found a faded altar of an unknown god.
   691 | D:2      | Prayed at the altar of an unknown god.
   691 | D:2      | Became a worshipper of Nemelex Xobeh the Trickster
   691 | D:2      | Reached * piety under Nemelex Xobeh
   714 | D:2      | Received a gift from Nemelex Xobeh
   924 | D:2      | Reached XP level 4. HP: 41/42 MP: 1/3
  1610 | D:3      | Noticed Jessica
  1615 | D:3      | Killed Jessica
  1616 | D:3      | Reached skill level 1 in Invocations
  1715 | D:3      | Reached ** piety under Nemelex Xobeh
  1747 | D:3      | Found a hazy altar of Hepliaklqana.
  1791 | D:3      | Found a shimmering altar of Xom.
  1876 | D:3      | Reached XP level 5. HP: 49/49 MP: 2/4
  1966 | D:3      | Found a glowing golden altar of the Shining One.
  2151 | D:4      | Received a gift from Nemelex Xobeh
  2334 | D:4      | Reached skill level 5 in Unarmed Combat
  2579 | D:4      | Found an ancient bone altar of Kikubaaqudgha.
  2733 | D:4      | Reached XP level 6. HP: 57/59 MP: 6/6
  2934 | D:5      | Entered Level 5 of the Dungeon
  3063 | D:5      | Noticed Prince Ribbit
  3075 | D:5      | Reached skill level 6 in Unarmed Combat
  3099 | D:5      | Killed Prince Ribbit
  3100 | D:5      | Reached XP level 7. HP: 48/67 MP: 4/8
  3167 | D:5      | Received a gift from Nemelex Xobeh
  3272 | D:5      | Reached skill level 7 in Unarmed Combat
  3275 | D:5      | Found a sand-covered staircase.
  3289 | Ossuary  | Entered an ossuary
  3405 | Ossuary  | Reached XP level 8. HP: 78/78 MP: 7/9
  3503 | Ossuary  | Noticed a silent spectre
  3564 | D:5      | Reached skill level 8 in Unarmed Combat
  3681 | D:5      | You fall into a shaft and drop 3 floors!
  3697 | D:8      | Found a sacrificial altar of Ru.
  3727 | D:8      | Found Puxkuog's Book Shop.
  3751 | D:8      | Slain by a wight

Illustrated notes

Levels and vault maps discovered:
D:1:      onia_arrival_handbag, layout_loops_ring
D:2:      cheibrodos_greedy_goblins, layout_loops_ring,
          nicolae_ecumenical_snake_handling, serial_bayou_lagoon_b
D:3:      layout_basic, mainiacjoe_overflow_catch_the_wave, lemuel_doored_altar,
          nicolae_overflow_hidden_temple, kennysheep_jessica_study
D:4:      layout_basic, old_standard_altar, grunt_ministairs_11
D:5:      layout_cave_pools, mainiacjoe_ossuary_entry_find_the_door,
          uniq_prince_ribbit1
D:8:      black_bear_nest_1, layout_basic, hangedman_ru_absence, serial_shops,
          shop, uniq_erica, uniq_joseph

Skill      XL: |  1  2  3  4  5  6  7  8 |
---------------+-------------------------+-----
Fighting       | 1 2 3 4 |  4.6
Unarmed Combat | 4 5 6 7 8 |  8.6
Invocations    | 1 2 3 4 |  4.5
Dodging        | |  1.5
Shapeshifting  | |  3.0

Action                     |  1- 3 |  4- 6 |  7- 9 || total
---------------------------+-------+-------+-------++-------
  Melee: Unarmed           |    95 |   110 |   140 ||   345
         Punch             |       |     5 |    10 ||    15
    Use: Scroll            |       |     8 |       ||     8
   Stab: Sleeping          |       |     1 |       ||     1
 Armour: Animal skin       |    60 |    73 |    94 ||   227
  Dodge: Dodged            |    35 |    48 |    41 ||   124
